 Dungeon Crawl Stone Soup version 0.32-a0-938-g40ac7a0f4d (webtiles) character file.

Game seed: 8731813689486783578

2938 DEFE the Protected (level 9, -7/63 HPs)
             Began as a Coglin Fighter on Apr 12, 2024.
             Was a Priest of Okawaru.
             Mangled by an orc knight
             ... wielding a +0 halberd
              (15 damage)
             ... in a bailey on Apr 15, 2024.
             The game lasted 00:07:29 (7269 turns).

DEFE the Protected (Coglin Fighter)                 Turns: 7269, Time: 00:07:30

Health: -7/63      AC: 20    Str: 21    XL:     9   Next: 80%
Magic:  9/11       EV:  8    Int:  7    God:    Okawaru [***...]
Gold:   174        SH:  0    Dex: 14    Spells: 8/8 levels left

rFire   . . .        o - +2 hand axe (flame) {Namzu}
rCold   . . .        k - +3 short sword (venom) {Diego}
rNeg    . . .        n - +0 plate armour
rPois   .            (no helmet)
rElec   .            w - +0 cloak
rCorr   .            s - +0 pair of gloves
SInv    .            (no boots)
Will    .....        (amulet unavailable) Stlth
                     (ring unavailable)
HPRegen 0.30/turn    (ring unavailable)
MPRegen 0.12/turn    (no gizmo)

%: no passive effects
@: mighty, heroic, studying Armour, revving
A: off-hand wielding, slow wielding, warmup strikes, no jewellery
a: Invent Gizmo, Renounce Religion, Heroism


You were in a bailey.
You worshipped Okawaru.
Okawaru was most pleased with you.
You visited 2 branches of the dungeon, and saw 8 of its levels.
You also visited: Bailey.

You collected 252 gold pieces.
You spent 78 gold pieces at shops.

Inventory:

Hand Weapons
 a - a +0 flail {Chiraphon}
 d - a +3 flail of protection
 k - a +3 short sword of venom (offhand) {Diego}
 o - a +2 hand axe of flaming (weapon) {Namzu}
 x - a +1 whip of flaming
Armour
 b - a +0 scale mail
 c - a +0 buckler
 n - a +0 plate armour (worn)
 s - a +0 pair of gloves (worn)
 w - a +0 cloak (worn)
Scrolls
 e - a scroll of blinking
 m - 6 scrolls of teleportation
 r - a scroll of poison
 t - 2 scrolls of fog
 v - a scroll of amnesia
 y - a scroll of enchant armour
 z - a scroll of torment
Potions
 f - a potion of brilliance
 g - a potion of lignification {unknown}
 h - a potion of magic
 i - a potion of resistance
 j - 6 potions of curing
 l - 2 potions of mutation {unknown}
 p - 3 potions of heal wounds
 q - a potion of degeneration {unknown}
 u - 2 potions of cancellation {unknown}
 A - a potion of might


   Skills:
 - Level 3.0(8.0) Fighting
 + Level 9.3(14.7) Axes
 - Level 3.9(11.7) Maces & Flails
 + Level 9.7(14.7) Armour
 - Level 2.1(7.1) Shields
 + Level 3.7 Invocations


You had 8 spell levels left.
You didn't know any spells.
Your spell library contained the following spells:

 Spells                   Type           Power      Damage    Failure   Level
 Mercury Vapours          Alch/Air       0%         N/A       100%        2
 Fugue of the Fallen      Necr           0%         N/A       100%        3
 Inner Flame              Hex/Fire       0%         N/A       100%        3
 Mephitic Cloud           Conj/Alch/Air  0%         N/A       100%        3
 Ozocubu's Armour         Ice            0%         N/A       100%        3
 Flame Wave               Conj/Fire      0%         2d4       100%        4
 Sticky Flame             Fire/Alch      0%         2d4       100%        4
 Freezing Cloud           Conj/Ice/Air   0%         6-21      100%        5
 Manifold Assault         Tloc           0%         N/A       100%        7
 Ozocubu's Refrigeration  Ice            0%         4d7       100%        7
 Polar Vortex             Ice            0%         N/A       100%        9
 Sculpt Simulacrum        Ice/Alch       Unusable   N/A       N/A         6

Dungeon Overview and Level Annotations

Branches:
Dungeon (7/15)             Temple (1/1) D:5          Bailey (1/1)

Altars:
Ashenzari
Cheibriados
Dithmenos
Elyvilon
Fedhas
Gozag
Hepliaklqana
Makhleb
Nemelex Xobeh
Okawaru
Qazlal
Ru
Sif Muna
Trog
Uskayaw
Vehumet
Wu Jian
Xom
Yredelemnul
Zin
The Shining One

Shops:
D:3 ?   D:6 [   D:7 *

Annotations:
Temple 2 transporters


Innate Abilities, Weirdness & Mutations

You can wield a second weapon in your off-hand.
It takes a long time for you to wield or remove held weapons.
Your first few attacks do less damage.
You cannot equip rings or amulets.


Message History

You feel very mighty all of a sudden.
The orc knight hits you from afar with a +0 halberd.
The orc hits you but does no damage.
You gain the combat prowess of a mighty hero.
The orc knight roars a battlecry!
The orcs go into a battle-frenzy!
The orc hits you from afar with a +0 halberd!
The orc warrior closely misses you.
The orc knight hits you with a +0 halberd.
The orc misses you.
The orc warrior hits you but does no damage.
There is an open door here.
You hit the orc knight with your +3 short sword of venom.
The orc knight is poisoned.
The orc knight is lightly wounded.
You hit the orc knight with your +2 hand axe of flaming.
You burn the orc knight.
You closely miss the orc warrior with your +2 hand axe of flaming.
You hit the orc but do no damage.
You hit the orc knight with your +2 hand axe of flaming.
You burn the orc knight.
The orc knight is lightly wounded.
You hit the orc warrior but do no damage.
You hit the orc but do no damage.
You hit the orc knight with your +3 short sword of venom.
The orc knight looks as sick as possible!
The orc knight closely misses you. The orc hits you with a +0 halberd!
The orc warrior hits you with a +0 halberd!!
* * * LOW HITPOINT WARNING * * *
You hit the orc knight with your +3 short sword of venom.
The orc knight looks as sick as possible!
The orc knight is moderately wounded.
You hit the orc knight with your +2 hand axe of flaming.
You burn the orc knight.
You slash the orc warrior with your +2 hand axe of flaming!
You burn the orc warrior.
You hit the orc with your +2 hand axe of flaming.
You burn the orc.
The orc knight hits you with a +0 halberd!
You die...

..≈##.##≈...............≈##.##≈..
..≈#..))))...................#≈..
..≈##.∩#≈...............≈#∩)##≈..
..≈≈#.##≈....#######....≈##)#≈≈..
...≈≈.≈≈≈....##....##...≈≈≈.≈≈...
.............##.....##.....).....
.............##'''#..##..........
.........##..##∩=∩##..#..........
.........##.####@####.##.........
.........##.'.#ooo#.'.##.........
.........##.###.ß.###.##.........
.........##.')#|.?#.'.##.........
.........##.#########.##.........
..........#..##.#)##..#..........
..........##..#'#'#..##..........
...........##.......##...........
...≈≈.≈≈≈...#########...≈≈≈.≈≈...


You could see an orc knight (extremely poisoned), an orc warrior (strong) and an
orc (strong).

Vanquished Creatures
  Pikel (D:5)
  Sigmund (D:3)
  A wyvern (D:4)
  Edmund (D:5)
  A water moccasin (D:6)
  5 orc warriors (Bailey)
  A centaur (D:6)
  A phantom (D:6)
  4 lemures (D:5)
  A gnoll sergeant (D:5)
  A scorpion (D:6)
  9 wights
  A bombardier beetle (D:5)
  4 hounds
  5 orc priests
  2 sleepcaps
  2 iguanas (D:6)
  3 orc wizards
  4 gnolls (D:5)
  8 adders
  A shadow imp (D:6)
  2 white imps (D:5)
  5 dart slugs
  2 ribbon worms
  30 orcs
  6 bats
  9 endoplasms
  6 giant cockroaches
  6 goblins
  7 hobgoblins
  5 quokkas
  3 ball pythons
  3 frilled lizards
  7 kobolds
  5 rats (D:1)
153 creatures vanquished.

Notes
Turn   | Place    | Note
-------+----------+-------------------------------------------
     0 | D:1      | DEFE the Coglin Fighter began the quest for the Orb.
     0 | D:1      | Reached XP level 1. HP: 18/18 MP: 1/1
    57 | D:1      | Reached XP level 2. HP: 22/24 MP: 2/2
   228 | D:1      | Reached XP level 3. HP: 27/29 MP: 3/3
   237 | D:1      | Found a faded altar of an unknown god.
   960 | D:2      | You fall into a shaft and drop 2 floors!
   983 | D:4      | Reached XP level 4. HP: 35/35 MP: 4/4
  1361 | D:4      | Reached skill level 1 in Axes
  1437 | D:3      | Reached XP level 5. HP: 40/41 MP: 5/5
  1440 | D:3      | Noticed Sigmund
  1450 | D:3      | Killed Sigmund
  1451 | D:3      | Reached XP level 6. HP: 35/47 MP: 6/6
  1524 | D:3      | Found Acirovad's Magic Scroll Emporium.
  1529 | D:3      | Bought a scroll of amnesia for 52 gold pieces
  1529 | D:3      | Bought a scroll of identify for 26 gold pieces
  2562 | D:4      | Noticed a wyvern
  2572 | D:4      | Killed a wyvern
  2573 | D:4      | Reached skill level 5 in Axes
  2573 | D:4      | Reached XP level 7. HP: 34/52 MP: 7/7
  3212 | D:5      | Entered Level 5 of the Dungeon
  3212 | D:5      | Noticed Edmund
  3224 | D:5      | Killed Edmund
  3469 | D:5      | Found a staircase to the Ecumenical Temple.
  3482 | Temple   | Found a transporter.
  3482 | Temple   | Found a transporter.
  3482 | Temple   | Found a transporter.
  3482 | Temple   | Found a transporter.
  3482 | Temple   | Entered the Ecumenical Temple
  3498 | Temple   | Became a worshipper of Warmaster Okawaru
  3545 | D:5      | Noticed Pikel
  3555 | D:5      | Upgraded the game from 0.32-a0-928-g1cae6b7ea0 to
                  | 0.32-a0-938-g40ac7a0f4d
  3568 | D:5      | HP: 2/52 [lemure[Pikel] (6)]
  3573 | D:5      | Killed Pikel
  3573 | D:5      | Reached * piety under Okawaru
  3574 | D:5      | Reached XP level 8. HP: 4/58 MP: 8/8
  4441 | D:5      | Found a shadowy altar of Dithmenos.
  4942 | D:6      | Reached skill level 1 in Invocations
  5041 | D:6      | Reached ** piety under Okawaru
  5042 | D:6      | Reached XP level 9. HP: 47/63 MP: 8/10
  5177 | D:6      | Found Rycsacumn's Armour Shop.
  5366 | D:6      | Found a glowing silver altar of Zin.
  6215 | D:7      | Found a flagged portal.
  6221 | D:7      | Found Siapemm's Neck Hole.
  6253 | Bailey   | Entered a bailey
  6906 | Bailey   | Reached *** piety under Okawaru
  7262 | Bailey   | Identified the ring of Kips {rElec MP+9 Str+6 Dex-4}
  7263 | Bailey   | Noticed an orc knight
  7269 | Bailey   | Mangled by an orc knight

Illustrated notes

Levels and vault maps discovered:
D:1:      psy_arrival_conway, layout_rooms, dreamdust_ecumenical_altar_statues
D:2:      layout_basic
D:3:      layout_rooms, serial_shops, shop, kennysheep_generic_room_15,
          uniq_sigmund
D:4:      layout_basic, minmay_manual_mullet
D:5:      layout_layer_cave, grunt_dithmenos_smoke,
          minmay_temple_entry_enclosed_plants, uniq_edmund, uniq_pikel
D:6:      layout_cave_pods, mainiacjoe_overflow_alcove_1, serial_shops,
          nicolae_shop_tiny_glass
D:7:      layout_cave_pods, enter_bailey_2, nicolae_shop_sticking_my_neck_out,
          uniq_prince_ribbit1
Temple:   hellmonk_temple_divided_pantheon
Bailey:   bailey_polearm_2, bailey

Skill      XL: |  1  2  3  4  5  6  7  8  9 |
---------------+----------------------------+-----
Maces & Flails | 2 3 |  3.9
Axes           | 2 4 5 7 8 9 |  9.3
Armour         | 6 8 9 |  9.7
Invocations    | 1 3 |  3.7
Fighting       | |  3.0
Shields        | |  2.1

Action                     |  1- 3 |  4- 6 |  7- 9 || total
---------------------------+-------+-------+-------++-------
  Melee: Flail             |   113 |       |       ||   113
         Short sword       |    11 |    56 |   247 ||   314
         Hand axe          |     6 |    60 |   260 ||   326
 Invoke: Heroism           |       |       |     1 ||     1
    Use: Scroll            |       |     8 |     5 ||    13
         Potion            |       |       |     2 ||     2
 Armour: Scale mail        |    99 |     4 |       ||   103
         Plate armour      |       |    53 |   255 ||   308
  Dodge: Dodged            |    65 |    12 |    75 ||   152
  Block: Buckler           |    24 |       |       ||    24

Table legend: (Time is in decaauts)
 A = Elapsed time spent in this place.
 B = Non-inter-level travel time spent in this place.
 C = Inter-level travel time spent in this place.
 D = Time resting spent in this place.
 E = Time spent auto-exploring this place.
 F = Levels seen in this place.
 G = Mean time per level.
                   A        B        C        D        E       F      G
               +--------+--------+--------+--------+--------+-----+--------+
         Total |   7329 |   7010 |    319 |   1882 |   3910 |   9 |  814.3 |
       Dungeon |   6287 |   5977 |    310 |   1103 |   3823 |   7 |  898.1 |
        Temple |     31 |     22 |      9 |      0 |      0 |   1 |   31.0 |
        Bailey |   1010 |   1010 |      0 |    779 |     87 |   1 | 1010.0 |
               +--------+--------+--------+--------+--------+-----+--------+

Top non-repeatable levels by time:
     D:5: 1615 daAuts
     D:4: 1234 daAuts
     D:6: 1083 daAuts
     D:2: 1022 daAuts
  Bailey: 1010 daAuts
     D:1: 570 daAuts
     D:3: 463 daAuts
     D:7: 297 daAuts
  Temple: 31 daAuts
